 Dungeon Crawl Stone Soup version 0.32-a0-685-g93135e86f0 (webtiles) character file.

Game seed: 7032403236446044827

113 pokeman the Magician (level 4, 0/25 HPs)
             Began as a Deep Elf Hedge Wizard on Mar 13, 2024.
             Slain by Ijyb
             ... wielding a +0 dagger
              (3 damage)
             ... on level 3 of the Dungeon.
             The game lasted 00:03:14 (2371 turns).

pokeman the Magician (Deep Elf Hedge Wizard)        Turns: 2371, Time: 00:03:15

Health: 0/25       AC:  2    Str: 10    XL:     4   Next: 65%
Magic:  4/13       EV: 13    Int: 21    God:
Gold:   117        SH:  0    Dex: 19    Spells: 6/14 levels left

rFire   . . .        k - +1 war axe of Friendship {heavy, *Corrode Str+3 Dex+5}
rCold   . . .        (no shield)
rNeg    . . .        b - +0 robe
rPois   .            c - +0 hat
rElec   .            (no cloak)
rCorr   .            (no gloves)
SInv    .            (no boots)
Will    .....        (no amulet)
Stlth   +            (no ring)
HPRegen 0.24/turn    (no ring)
MPRegen 0.13/turn

%: corrode self (3%)
@: confused
A: no striking features
a: no special abilities


You were on level 3 of the Dungeon.
You visited 1 branch of the dungeon, and saw 3 of its levels.

You collected 117 gold pieces.

Inventory:

Hand Weapons
 k - the +1 war axe of Friendship (weapon) {heavy, *Corrode Str+3 Dex+5}
   (You found it on level 2 of the Dungeon)

   Str+3:     It affects your strength (+3).
   Dex+5:     It affects your dexterity (+5).
   *Corrode:  It may corrode you when you take damage.
Armour
 b - a +0 robe (worn)
 c - a +0 hat (worn)
Jewellery
 g - a ring of fire
 n - an amulet of faith
Wands
 a - a wand of roots (5)
Scrolls
 e - a scroll of identify {unknown}
 f - 2 scrolls of fog {unknown}
 l - a scroll of immolation {unknown}
 m - a scroll of teleportation {unknown}
Potions
 d - a potion of magic
 h - a potion of enlightenment {unknown}
 i - a potion of haste {unknown}
 j - a potion of mutation {unknown}


   Skills:
 - Level 1.0 Fighting
 - Level 1.0 Armour
 + Level 2.9 Dodging
 - Level 3.0 Stealth
 * Level 5.8 Spellcasting
 + Level 2.2 Conjurations
 - Level 1.1 Summonings
 - Level 1.1 Translocations
 + Level 0.0 Evocations


You had 6 spell levels left.
You knew the following spells:

 Your Spells              Type           Power      Damage    Failure   Level
a - Magic Dart            Conj           60%        1d6       3%          1
b - Mephitic Cloud        Conj/Alch/Air  9%         N/A       22%         3
c - Call Imp              Summ           20%        N/A       10%         2
d - Blink                 Tloc           20%        N/A       10%         2

Your spell library contained the following spells:

 Spells                   Type           Power      Damage    Failure   Level
 Slow                     Hex            24%        N/A       10%         1
 Cigotuvi's Dreadful Rot  Necr/Alch/Air  12%        N/A       16%         2


Dungeon Overview and Level Annotations

Branches:
Dungeon (3/15)

Altars:

Annotations:
D:3 Ijyb


Message History

The stinking cloud engulfs the endoplasm.
You are engulfed in noxious fumes.
You choke on the stench!
You are confused.
The bat hits you but does no damage. Ijyb completely misses you.
The endoplasm freezes you.
You are frozen.
Unknown command.
Unknown command.
You're too confused to move!
You are engulfed in noxious fumes.
You choke on the stench!
You are more confused.
The bat barely misses you. The endoplasm barely misses you.
Ijyb hits you with a +0 dagger.
Unknown command.
You are engulfed in noxious fumes.
You choke on the stench!
You are more confused.
Ijyb hits you with a +0 dagger. The endoplasm barely misses you.
Unknown command.
You slash Ijyb!
Ijyb is moderately wounded.
You hit the endoplasm.
You are engulfed in noxious fumes.
You choke on the stench!
You are more confused.
Ijyb closely misses you. The endoplasm hits you.
Ijyb hits you with a +0 dagger.
* * * LOW HITPOINT WARNING * * *
The endoplasm barely misses you. Ijyb attacks as she pursues you!
Ijyb hits you with a +0 dagger.
* * * LOW HITPOINT WARNING * * *
The endoplasm attacks as it pursues you!
The endoplasm barely misses you.
Unknown command.
Ijyb barely misses you.
The endoplasm attacks as it pursues you!
The endoplasm barely misses you.
Your magical contamination has completely faded away.
Unknown command.
Ijyb attacks as she pursues you! Ijyb hits you with a +0 dagger.
You die...
Ijyb screams, "Time for next experiment!"

#........
#........
#........
#g....... #
##☼○......
##.#####<°○b.....
##.......J$§......
......)..g.......#
........@#.......#
...##.#########..#
#. ... ... #.. ..
#..# #..# #..


You could see Ijyb, an endoplasm, a hobgoblin and a bat.

Vanquished Creatures
  2 gnolls (D:2)
  3 adders (D:2)
  2 dart slugs (D:1)
  A ribbon worm (D:2)
  An orc (D:3)
  5 ball pythons
  3 bats (D:1)
  5 endoplasms
  3 giant cockroaches
  4 goblins
  4 hobgoblins
  4 jackals (D:2)
  3 kobolds
  3 frilled lizards
  4 rats
47 creatures vanquished.

Vanquished Creatures (collateral kills)
  A gnoll (D:2)
1 creature vanquished.

Grand Total: 48 creatures vanquished

Notes
Turn   | Place    | Note
-------+----------+-------------------------------------------
     0 | D:1      | pokeman the Deep Elf Hedge Wizard began the quest for the
                  | Orb.
     0 | D:1      | Reached XP level 1. HP: 10/10 MP: 7/7
   238 | D:1      | Reached XP level 2. HP: 12/16 MP: 2/9
   627 | D:1      | Reached skill level 5 in Spellcasting
  1013 | D:1      | Found a faded altar of an unknown god.
  1085 | D:2      | Reached XP level 3. HP: 20/20 MP: 7/11
  1089 | D:2      | Learned a level 3 spell: Mephitic Cloud
  1092 | D:2      | Learned a level 2 spell: Call Imp
  1095 | D:2      | Learned a level 2 spell: Blink
  1271 | D:2      | Reached skill level 1 in Fighting
  1271 | D:2      | Reached skill level 1 in Armour
  1288 | D:2      | Reached XP level 4. HP: 18/25 MP: 2/13
  1796 | D:2      | Identified the +1 war axe of Friendship {heavy, *Corrode
                  | Str+3 Dex+5}
  2360 | D:3      | Noticed Ijyb
  2371 | D:3      | Slain by Ijyb

Illustrated notes

Levels and vault maps discovered:
D:1:      dpeg_arrival_arbitrary_b, layout_rooms,
          shapermc_ecumenical_altar_mp_vishouse, grunt_decor_arrowhead,
          hangedman_decor_diamond_cutter
D:2:      layout_loops_ring, chequers_serial_rivers_micro_e
D:3:      layout_rooms, minmay_circle_x, uniq_ijyb

Skill      XL: |  1  2  3  4 |
---------------+-------------+-----
Spellcasting   | 5 |  5.8
Fighting       | 1 |  1.0
Armour         | 1 |  1.0
Conjurations   | 2 |  2.2
Stealth        | 3 |  3.0
Dodging        | |  2.9
Summonings     | |  1.1
Translocations | |  1.1

Action                     |  1- 3 |  4- 6 || total
---------------------------+-------+-------++-------
  Melee: Dagger            |    12 |       ||    12
         War axe           |       |     5 ||     5
   Cast: Magic Dart        |    64 |    49 ||   113
         Mephitic Cloud    |     2 |     3 ||     5
   Stab: Confused          |     3 |       ||     3
 Armour: Robe              |     9 |    17 ||    26
  Dodge: Dodged            |     7 |    25 ||    32

Table legend: (Time is in decaauts)
 A = Elapsed time spent in this place.
 B = Non-inter-level travel time spent in this place.
 C = Inter-level travel time spent in this place.
 D = Time resting spent in this place.
 E = Time spent auto-exploring this place.
 F = Levels seen in this place.
 G = Mean time per level.
                   A        B        C        D        E       F      G
               +--------+--------+--------+--------+--------+-----+--------+
         Total |   2376 |   2331 |     45 |      0 |   2091 |   3 |  792.0 |
       Dungeon |   2376 |   2331 |     45 |      0 |   2091 |   3 |  792.0 |
               +--------+--------+--------+--------+--------+-----+--------+

Top non-repeatable levels by time:
     D:2: 1287 daAuts
     D:1: 1067 daAuts
     D:3: 21 daAuts
